 Dungeon Crawl Stone Soup version 0.31.0-9-g3a7656b989 (webtiles) character file.

Game seed: 11529694171231107798

112 qw the Skirmisher (level 4, -5/25 HPs)
             Began as a Deep Elf Hunter on Feb 2, 2024.
             Incinerated by a bombardier beetle (7 damage)
             ... with a burning spray
             ... on level 3 of the Dungeon.
             The game lasted 00:00:07 (1659 turns).

qw the Skirmisher (Deep Elf Hunter)                 Turns: 1659, Time: 00:00:07

Health: -5/25      AC: 13    Str: 10    XL:     4   Next: 64%
Magic:  6/6        EV: 11    Int: 14    God:
Gold:   183        SH:  5    Dex: 18    Spells: 3/3 levels left

rFire   . . .        a - +0 shortbow
rCold   . . .        (shield currently unavailable)
rNeg    . . .        e - +0 ring mail
rPois   .            k - +0 helmet
rElec   .            i - +2 cloak
rCorr   .            (no gloves)
SInv    +            (no boots)
Will    .....        d - amulet of reflection
Stlth   +            g - ring of see invisible
HPRegen 0.24/turn    m - +4 ring of protection
MPRegen 0.10/turn

%: reflection
@: on fire, glowing
A: no striking features
a: no special abilities


You were on level 3 of the Dungeon.
You visited 1 branch of the dungeon, and saw 3 of its levels.

You collected 183 gold pieces.


   Skills:
 - Level 1.5 Fighting
 + Level 8.1 Ranged Weapons
 - Level 2.4 Dodging
 - Level 1.2 Stealth


You had 3 spell levels left.
You didn't know any spells.
Your spell library was empty.

Inventory:

Hand Weapons
 a - a +0 shortbow (weapon)
Armour
 e - a +0 ring mail (worn)
 i - a +2 cloak (worn)
 k - a +0 helmet (worn)
Jewellery
 d - an amulet of reflection (around neck)
 g - a ring of see invisible (left hand)
 m - a +4 ring of protection (right hand)
Wands
 h - a wand of roots (9)
Scrolls
 l - 4 scrolls of identify
Potions
 b - a potion of might {unknown}
 c - a potion of mutation
 f - 2 potions of curing {unknown}
 j - 2 potions of haste

Dungeon Overview and Level Annotations

Branches:
Dungeon (3/15)

Altars:

Shops:
D:3 =


Message History

You see here a ball python corpse.
An orc comes into view. It is wielding a +0 mace.
You shoot an arrow. The arrow hits the orc!
You kill the orc!
Found a stone staircase leading down.
You see here a potion of attraction.
You see here a hobgoblin skeleton.
You see here 7 stones.
You now have 183 gold pieces (gained 7).
A bombardier beetle comes into view.
You shoot an arrow. The arrow hits the bombardier beetle!
The bombardier beetle is moderately wounded.
You shoot an arrow. The arrow hits the bombardier beetle.
The bombardier beetle is heavily wounded.
The bombardier beetle sprays incendiary fluid at you.
The burning spray hits you.
You are covered in liquid fire!
You shoot an arrow.
The arrow hits the bombardier beetle but does no damage.
The bombardier beetle is heavily wounded.
The liquid fire burns you!
You shoot an arrow.
The arrow closely misses the bombardier beetle.
The liquid fire burns you!
You shoot an arrow.
The arrow completely misses the bombardier beetle.
The liquid fire burns you!
The bombardier beetle barely misses you.
You shoot an arrow. The arrow hits the bombardier beetle.
The bombardier beetle is severely wounded.
The liquid fire burns you!
You shoot an arrow.
The arrow hits the bombardier beetle but does no damage.
The bombardier beetle is severely wounded.
The liquid fire burns you!
The bombardier beetle bites you but does no damage.
You shoot an arrow.
The arrow barely misses the bombardier beetle.
The liquid fire burns you!
You die...

#........###..####.#
############.## .#
#.# # #.# #.# #.#
#.# ### #.#####!....
#...@B......
######.#.### .# #


You could see a bombardier beetle.

Vanquished Creatures
  Terence (D:2)
  3 adders
  2 dart slugs
  2 ribbon worms (D:3)
  5 orcs (D:3)
  3 ball pythons
  An endoplasm (D:2)
  2 giant cockroaches
  4 goblins
  6 hobgoblins
  2 jackals (D:1)
  3 quokkas
  4 bats
  4 frilled lizards
  2 kobolds
  2 rats
46 creatures vanquished.

Notes
Turn   | Place    | Note
-------+----------+-------------------------------------------
     0 | D:1      | qw the Deep Elf Hunter began the quest for the Orb.
     0 | D:1      | Reached XP level 1. HP: 12/12 MP: 3/3
     0 | D:1      | 0 ||| qw: Version: 0.3-a-155-g5e7d8dd
     0 | D:1      | 0 ||| qw: Game counter: 1023
     0 | D:1      | 0 ||| qw: Melee chars always use a shield: true
     0 | D:1      | 0 ||| qw: God list: Okawaru
     0 | D:1      | 0 ||| qw: Allow faded altars: false
     0 | D:1      | 0 ||| qw: Do Orc after clearing Dungeon:15 true
     0 | D:1      | 0 ||| qw: Do second Lair branch before Depths: true
     0 | D:1      | 0 ||| qw: Lair rune preference: random
     0 | D:1      | 0 ||| qw: Goals: Normal
     0 | D:1      | 0 ||| PLANNING D:1-11
   132 | D:1      | Reached XP level 2. HP: 16/16 MP: 4/4
   141 | D:1      | Reached skill level 6 in Ranged Weapons
   546 | D:1      | 546 ||| UPGRADING to +0 ring mail.
   556 | D:1      | 556 ||| DROPPING +0 leather armour.
   557 | D:1      | 557 ||| UPGRADING to +2 cloak.
   562 | D:1      | 562 ||| UPGRADING to +0 helmet.
   567 | D:1      | 567 ||| UPGRADING to ring of see invisible.
   568 | D:1      | 568 ||| DROPPING +6 ring of intelligence.
   569 | D:1      | 569 ||| UPGRADING to +4 ring of protection.
   570 | D:1      | 570 ||| READING scroll labelled UQUOTH COOFURR.
   570 | D:1      | 570 ||| IDENTIFYING black potion
   571 | D:1      | 571 ||| READING scroll labelled PULOGUR OTWEAHE.
   572 | D:1      | 572 ||| DROPPING scroll of butterflies.
   573 | D:1      | 573 ||| DROPPING potion of attraction.
   747 | D:2      | Noticed Terence
   748 | D:2      | Reached XP level 3. HP: 20/20 MP: 5/5
   764 | D:2      | Killed Terence
   765 | D:2      | Reached skill level 7 in Ranged Weapons
   989 | D:2      | Reached XP level 4. HP: 24/25 MP: 6/6
  1110 | D:2      | 1110 ||| UPGRADING to amulet of reflection.
  1115 | D:2      | 1115 ||| READING 4 scrolls of identify.
  1115 | D:2      | 1115 ||| IDENTIFYING golden potion
  1116 | D:2      | 1116 ||| READING 3 scrolls of identify.
  1116 | D:2      | 1116 ||| IDENTIFYING smoky cyan potion
  1117 | D:2      | 1117 ||| READING 2 scrolls of identify.
  1117 | D:2      | 1117 ||| IDENTIFYING 2 emerald potions
  1118 | D:2      | 1118 ||| READING scroll of identify.
  1118 | D:2      | 1118 ||| IDENTIFYING scroll labelled DIFIYTH ZONU
  1119 | D:2      | 1119 ||| DROPPING potion of lignification.
  1120 | D:2      | 1120 ||| DROPPING scroll of poison.
  1232 | D:3      | Reached skill level 8 in Ranged Weapons
  1345 | D:3      | Found Rudunk's Jewellery Boutique.
  1361 | D:3      | 1361 ||| SHOPLISTING +5 ring of evasion (396 gold, have
                  | 176).
  1361 | D:3      | 1361 ||| SHOPLISTING amulet of faith (440 gold, have 176).
  1361 | D:3      | 1361 ||| SHOPLISTING ring of ice (275 gold, have 176).
  1361 | D:3      | 1361 ||| SHOPLISTING ring of poison resistance (220 gold,
                  | have 176).
  1657 | D:3      | HP: 6/25 [burnt (4)]
  1658 | D:3      | HP: 2/25 [burnt (5)]
  1659 | D:3      | Incinerated by a bombardier beetle

Levels and vault maps discovered:
D:1:      dpeg_arrival_refuge, layout_basic, st_stairs_11
D:2:      minmay_evil_eye, layout_basic, uniq_terence
D:3:      layout_loops_ring, serial_shops, nicolae_shop_gibbet_a_chance

Skill      XL: |  1  2  3  4 |
---------------+-------------+-----
Ranged Weapons | 6 7 8 |  8.1
Fighting       | |  1.5
Dodging        | |  2.4
Stealth        | |  1.2

Action                     |  1- 3 |  4- 6 || total
---------------------------+-------+-------++-------
   Fire: Shortbow          |    87 |    77 ||   164
    Use: Scroll            |     2 |     4 ||     6
 Armour: Leather armour    |     7 |       ||     7
         Ring mail         |    13 |    10 ||    23
  Dodge: Dodged            |    29 |    20 ||    49
  Block: Other             |       |     2 ||     2

Table legend:
 A = Non-vault XP
 B = Vault XP
 C = Vault XP percentage of total XP
 D = Non-vault monster count
 E = Vault monster count
 F = Vault count percentage of total count
                 A         B        C        D         E       F
            +---------+---------+-------+---------+---------+-------
      Total |      96 |      65 |  40.4 |      38 |       8 |  17.4
            +---------+---------+-------+---------+---------+-------
        D:1 |      12 |       8 |  40.0 |       8 |       3 |  27.3
        D:2 |      36 |      57 |  61.3 |      14 |       5 |  26.3
        D:3 |      48 |       0 |   0.0 |      16 |       0 |   0.0
            +---------+---------+-------+---------+---------+-------
